 Dungeon Crawl Stone Soup version 0.30-a0-377-g5cb311bc9f (webtiles) character file.

Game seed: 17286412028926505174

179 PyroL the Grave Robber (level 5, 0/35 HPs)
             Began as a Demonspawn Necromancer on Nov 30, 2022.
             Killed by divine providence
             ... invoked by an orc priest
              (12 damage)
             ... on level 3 of the Dungeon.
             The game lasted 00:06:24 (2704 turns).

PyroL the Grave Robber (Demonspawn Necromancer)     Turns: 2704, Time: 00:06:27

Health: 0/35       AC:  4    Str:  8    XL:     5   Next: 32%
Magic:  5/10       EV: 12    Int: 19    God:
Gold:   128        SH:  4    Dex: 13    Spells: 3/11 levels left

rFire   + . .      SeeInvis .    h - +1 dagger (venom)
rCold   . . .      Faith    .    (no shield)
rNeg    . . .      Spirit   .    r - +2 robe {rF+}
rPois   .          Reflect  .    (no helmet)
rElec   .          Harm     .    (no cloak)
rCorr   .          Rampage  .    (no gloves)
Will    .....                    (no boots)
Stlth   ++........               (no amulet)
HPRegen 0.25/turn                (no ring)
MPRegen 0.12/turn                (no ring)

@: animating dead
A: powered by death 1, condensation shield
a: no special abilities


You were on level 3 of the Dungeon.
You visited 1 branch of the dungeon, and saw 4 of its levels.

You collected 128 gold pieces.

Inventory:

Hand Weapons
 h - a +1 dagger of venom (weapon)
Missiles
 l - 3 silver boomerangs
Armour
 r - a +2 robe of fire resistance (worn)
Wands
 c - a wand of polymorph (5)
Scrolls
 d - 2 scrolls of vulnerability {unknown}
 i - a scroll of fear {unknown}
 k - a scroll of teleportation {unknown}
 n - a scroll of enchant weapon {unknown}
 o - a scroll of identify {unknown}
 p - a scroll of fog {unknown}
Potions
 a - a potion of flight {unknown}
 b - a potion of magic
 e - 2 potions of attraction {unknown}
 f - a potion of brilliance {unknown}
 g - 3 potions of curing {unknown}
 j - a potion of heal wounds {unknown}
 m - a potion of might {unknown}
 q - 2 potions of resistance {unknown}
 s - a potion of invisibility {unknown}


   Skills:
 - Level 2.0 Dodging
 - Level 2.0 Stealth
 + Level 3.7 Spellcasting
 + Level 5.9 Necromancy


You had 3 spell levels left.
You knew the following spells:

 Your Spells              Type           Power      Damage    Failure   Level
a - Necrotise             Necr           100%       1d9       1%          1
b - Vampiric Draining     Necr           26%        2d7       3%          3
c - Animate Dead          Necr           26%        N/A       12%         4

Your spell library contained the following spells:

 Spells                   Type           Power      Damage    Failure   Level
 Magic Dart               Conj           12%        1d3       14%         1
 Summon Small Mammal      Summ           12%        N/A       14%         1
 Call Imp                 Summ           3%         N/A       22%         2
 Call Canine Familiar     Summ           3%         N/A       38%         3
 Mephitic Cloud           Conj/Pois/Air  3%         N/A       38%         3
 Summon Guardian Golem    Hex/Summ       3%         N/A       38%         3
 Agony                    Necr           26%        N/A       34%         5


Dungeon Overview and Level Annotations

Branches:
Dungeon (4/15)
 Temple: D:4-7

Altars:

Shops:
D:2 :


Innate Abilities, Weirdness & Mutations

You regenerate a little health from kills.
A meltable shield of frost defends you. (SH +4)


Message History

The orc priest hits you from afar with a +0 trident.
Casting: Animate Dead (quite dangerous; 12% risk of failure)
Confirm with . or Enter, or press ? or * to list all spells.
Aiming: Necrotise (safe; 1% risk of failure)
Press: ? - help, Shift-Dir - straight line, f - orc
Aim: an orc, wielding a +0 mace and wearing a +0 leather armour (chance to affect: 93%)
The orc writhes in agony.
The orc hits you with a +0 mace! You block the orc priest's attack.
Sorry, you're not good enough to have a special ability.
You closely miss the orc.
The orc is lightly wounded.
An orc wizard comes into view. It is wielding a +0 dagger.
The orc hits you with a +0 mace. You block the orc priest's attack.
You closely miss the orc.
The orc is lightly wounded.
The orc closely misses you. You block the orc priest's attack.
Casting: Necrotise (safe; 1% risk of failure)
Confirm with . or Enter, or press ? or * to list all spells.
Aiming: Necrotise (safe; 1% risk of failure)
Press: ? - help, Shift-Dir - straight line, f/p - orc
Aim: an orc, wielding a +0 mace and wearing a +0 leather armour (lightly wounded, chance to affect: 93%)
The orc barely resists.
The orc hits you with a +0 mace.
The orc priest hits you from afar with a +0 trident.
Sorry, you're not good enough to have a special ability.
You hit the orc but do no damage.
The orc is poisoned.
The orc is lightly wounded.
The orc closely misses you.
The orc priest hits you from afar with a +0 trident.
* * * LOW HITPOINT WARNING * * *
You hit the orc but do no damage. The orc hits you with a +0 mace.
* * * LOW HITPOINT WARNING * * *
The orc priest closely misses you.
Sorry, you're not good enough to have a special ability.
The orc attacks as you move away! The orc hits you but does no damage.
The orc wizard gestures wildly while chanting.
The orc wizard flickers and vanishes!
Deactivating autopickup; reactivate with Ctrl-A.
The orc priest calls down the wrath of Beogh upon you.
Beogh smites you!
You die...

##.....##
##8.....8##
##.........## #
#8.........8#.#
+.....).....o{#
#8........o8#.#
##.........## #
##8....o8## #
##..)@.####.#
##8.8##....
##'##..####
#######.......>.#
##.......#.......#
#....#####.......#
#....+ #.......#
#....# #...<...###
#..).# #######...#


You could see an orc priest and 2 orcs.

Vanquished Creatures
  An orc priest (D:3)
  Jessica (D:2)
  3 adders (D:2)
  3 worms
  2 dart slugs (D:1)
  4 orcs (D:3)
  3 ball pythons
  9 endoplasms
  2 giant cockroaches (D:2)
  6 goblins
  5 hobgoblins
  9 kobolds
  A quokka (D:1)
  7 bats
  2 frilled lizards
  7 rats
65 creatures vanquished.

Vanquished Creatures (collateral kills)
  An adder (D:2)
  An endoplasm (D:2)
  A bat (D:1)
3 creatures vanquished.

Grand Total: 68 creatures vanquished

Notes
Turn   | Place    | Note
-------+----------+-------------------------------------------
     0 | D:1      | PyroL the Demonspawn Necromancer began the quest for the
                  | Orb.
     0 | D:1      | Reached XP level 1. HP: 13/13 MP: 3/3
     0 | D:1      | Noticed a shadow dragon
     0 | D:1      | Noticed a tentacled monstrosity
     1 | D:1      | Noticed a tentacled monstrosity
     1 | D:1      | Noticed an iron dragon
     4 | D:1      | Noticed a golden dragon
     8 | D:1      | Noticed a tentacled monstrosity
    13 | D:1      | Noticed a tentacled monstrosity
    13 | D:1      | Noticed a tentacled monstrosity
    15 | D:1      | Noticed a large abomination
    15 | D:1      | Noticed a shadow dragon
    19 | D:1      | Noticed a large abomination
    19 | D:1      | Noticed a tentacled monstrosity
    19 | D:1      | Noticed a tentacled monstrosity
    21 | D:1      | Noticed a shadow dragon
    21 | D:1      | Noticed a green draconian
   172 | D:1      | Gained mutation: You regenerate a little health from kills.
                  | [demonic ancestry]
   172 | D:1      | Reached XP level 2. HP: 19/19 MP: 0/5
   822 | D:1      | Found a faded altar of an unknown god.
   879 | D:1      | Gained mutation: A meltable shield of frost defends you.
                  | (SH +4) [demonic ancestry]
   879 | D:1      | Reached XP level 3. HP: 24/24 MP: 4/6
   980 | D:2      | You fall into a shaft and drop 2 floors!
  1004 | D:3      | Reached skill level 5 in Necromancy
  1018 | D:3      | Reached XP level 4. HP: 30/30 MP: 1/8
  1022 | D:3      | Learned a level 3 spell: Vampiric Draining
  1027 | D:3      | Learned a level 4 spell: Animate Dead
  1537 | D:2      | Found Nusolun's Book Shoppe.
  1988 | D:2      | Reached XP level 5. HP: 35/35 MP: 7/10
  2176 | D:2      | Noticed Jessica
  2178 | D:2      | Killed Jessica
  2704 | D:3      | Killed from afar by an orc priest

Illustrated notes

Levels and vault maps discovered:
D:1:      shiori_arrival_whats_in_store_for_you, layout_basic,
          dreamdust_ecumenical_altar_grove
D:2:      layout_loops_corners, serial_shops, nicolae_shop_crystal,
          amcnicky_mini_corridor_feature, supply_closet_lemuel,
          chequers_serial_rivers_micro_a, chequers_hall_statues_y,
          grunt_ministairs_15, uniq_jessica
D:3:      minmay_evil_eye, layout_basic, dk_noncrumbling_4
D:4:      layout_cave_pools, minmay_temple_entry_purple_smoke, enter_ossuary_1

Skill      XL: |  1  2  3 |
---------------+----------+-----
Stealth        | 2 |  2.0
Dodging        | 2 |  2.0
Spellcasting   | 3 |  3.7
Necromancy     | 5 |  5.9

Action                   |  1- 3 |  4- 6 || total
-------------------------+-------+-------++-------
Melee: Dagger            |    34 |    77 ||   111
       Unarmed           |     1 |       ||     1
 Cast: Necrotise         |    38 |    38 ||    76
       Animate Dead      |       |     1 ||     1
 Stab: Distracted        |     1 |       ||     1
       Sleeping          |       |     2 ||     2
Armor: Robe              |     5 |    10 ||    15
Dodge: Dodged            |    14 |    46 ||    60
Block: Other             |     1 |    15 ||    16

Table legend: (Time is in decaauts)
 A = Elapsed time spent in this place.
 B = Non-inter-level travel time spent in this place.
 C = Inter-level travel time spent in this place.
 D = Time resting spent in this place.
 E = Time spent auto-exploring this place.
 F = Levels seen in this place.
 G = Mean time per level.
                   A        B        C        D        E       F      G
               +--------+--------+--------+--------+--------+-----+--------+
         Total |   2702 |   2652 |     50 |     89 |   2021 |   4 |  675.5 |
       Dungeon |   2702 |   2652 |     50 |     89 |   2021 |   4 |  675.5 |
               +--------+--------+--------+--------+--------+-----+--------+

Top non-repeatable levels by time:
     D:2: 1437 daAuts
     D:1: 964 daAuts
     D:3: 297 daAuts
     D:4: 3 daAuts
